 Dungeon Crawl Stone Soup version 0.17.0-28-g6e173f8 (webtiles) character file.

1967 Ivanskos the Skirmisher (level 9, -1/86 HPs)
             Began as a Deep Dwarf Fighter on Dec 2, 2015.
             Was a Follower of Makhleb.
             Slain by an orc warrior
             ... wielding a cursed -3 halberd
              (8 damage)
             ... on level 6 of the Dungeon.
             The game lasted 00:30:56 (4185 turns).

Ivanskos the Skirmisher (Deep Dwarf Fighter)        Turns: 4185, Time: 00:30:56

Health: -1/86      AC: 13    Str: 23    XL:     9   Next: 0%
Magic:  9/9        EV:  7    Int:  9    God:    Makhleb [*.....]
Gold:   288        SH: 10    Dex: 12    Spells: 0 memorised, 8 levels left

rFire  . . .     SeeInvis .     y - +0 broad axe
rCold  + . .     Clarity  .     G - +0 plate armour
rNeg   . . .     SustAt   .     c - +0 shield
rPois  .         Gourm    .     r - +0 helmet
rElec  .         Spirit   .     (no cloak)
rCorr  .         Warding  .     (no gloves)
rMut   .         Stasis   .     (no boots)
MR     +....                    (no amulet)
Stlth  ..........               (no ring)
                                w - ring of protection from cold

@: non-regenerating, somewhat resistant to hostile enchantments, extremely
unstealthy
A: damage resistance, recharge devices, sense surroundings 2, slow regeneration
3
a: Device Recharging, Renounce Religion


You were on level 6 of the Dungeon.
You worshipped Makhleb.
Makhleb was aware of your devotion.
You were not hungry.

You visited 2 branches of the dungeon, and saw 7 of its levels.

You collected 288 gold pieces.

Inventory:

Hand Weapons
 y - a +0 broad axe (weapon)
 F - the +3 long sword of the Hidden Ghosts {slice, rF+ rN+ Stlth+}
   (You found it on level 6 of the Dungeon)

   It inflicts extra damage upon your enemies.
   It protects you from fire.
   It protects you from negative energy.
   It makes you more stealthy.
Armour
 c - a +0 shield (worn)
 r - a +0 helmet (worn)
 G - a +0 plate armour (worn)
Jewellery
 w - a ring of protection from cold (left hand)
Wands
 d - a wand of digging (5)
 e - a wand of heal wounds (0)
 h - a wand of frost (24)
 q - a wand of frost (17)
 A - a wand of disintegration (13)
 B - a wand of flame (16)
 C - a wand of magic darts (28)
Scrolls
 a - a scroll of immolation {unknown}
 i - 2 scrolls of magic mapping {unknown}
 j - a scroll of noise {unknown}
 l - a scroll of remove curse
 m - 2 scrolls of fear {unknown}
 n - a scroll of teleportation
 p - a scroll of recharging
 v - 2 scrolls of fog {unknown}
 E - a scroll of brand weapon {unknown}
Potions
 b - a potion of ambrosia {unknown}
 g - 6 potions of brilliance
 k - 2 potions of lignification
 o - 6 potions of curing
 t - 5 potions of flight
 u - a potion of poison {unknown}
 x - a potion of cancellation
 z - a potion of invisibility {unknown}
Books
 D - a book of Spatial Translocations

   Spells                             Type                      Level
   a - Apportation                    Translocation                1
   b - Blink                          Translocation                2
   c - Shroud of Golubria             Charms/Translocation         2
   d - Portal Projectile              Translocation                3
   e - Teleport Other                 Translocation                3
   f - Passage of Golubria            Translocation                4
Comestibles
 f - a bread ration
 s - 3 beef jerkies


   Skills:
 * Level 7.1 Fighting
 + Level 5.4 Axes
 + Level 5.9 Armour
 + Level 5.0 Dodging
 + Level 6.0 Shields


You had 8 spell levels left.
You didn't know any spells.

Dungeon Overview and Level Annotations

Branches:
Dungeon (6/15)             Temple (1/1) D:4

Altars:
Ashenzari
Cheibriados
Elyvilon
Fedhas
Gozag
Kikubaaqudgha
Makhleb
Okawaru
Qazlal
Ru
Sif Muna
Trog
Vehumet
Xom
Zin

Shops:
D:5 =*(


Innate Abilities, Weirdness & Mutations

You are resistant to damage.
You can recharge devices by infusing magical energy.
You passively map the area around you.
You do not regenerate naturally.


Message History

Something completely misses you.
The orc warrior hits you with a halberd!
* * * LOW HITPOINT WARNING * * *
You hear some strange, mumbled words.
A puff of frost appears from out of thin air!
The puff of frost hits you! You resist.
An iguana comes into view.
The iguana hisses angrily.
You block the orc warrior's attack. Something hits you but does no damage.
The orc warrior hits you but does no damage.
Something hits you but does no damage.
You hit something. Something hits you.
The orc warrior hits you but does no damage.
Something hits you but does no damage.
You closely miss something. Something hits you but does no damage.
You block the orc warrior's attack. Something hits you but does no damage.
You barely miss something. Something hits you but does no damage.
The orc warrior hits you from afar with a halberd!
You die...

#...#.......#.#.o.[.........
#...........#....).⌠.....⌠..
#..>.###+####.#o......_.....
#.##)###......#....⌠.....⌠..
##...#()########.l...).......
###..#.))#.....o....#.#)#.#.#.#
##..#...#...#.o####.............
#.#...#...#...#.# #.############
#.(.#...#...#..@###)#
#.#...#...#...#..##.#
##...#...#...#.......#
#..#...#...#...#.###.#
#....#...#...#...# #.#
#..#...#...#...#.# #.#
#.#..#...#...#..## #.#
#...#..#...#..######.#
###......#...........#


You could see an orc warrior.

Vanquished Creatures
  Pikel (D:5)
  Menkaure (D:4)
  Edmund (D:4)
  An orc warrior (D:6)
  2 ogres (D:5)
  A sky beast (D:5)
  4 slaves (D:5)
  Blork the orc (D:4)
  2 scorpions (D:5)
  A wyvern skeleton (D:6)
  4 wights (D:6)
  A crimson imp (D:6)
  Crazy Yiuf (D:2)
  2 orc priests (D:6)
  A centaur skeleton (D:4)
  3 orc wizards
  Terence (D:2)
  A giant frog skeleton (D:5)
  A worker ant (D:4)
  Natasha (thrice) (D:2)
  2 hound skeletons
  Robin (D:2)
  3 adders
  3 gnolls (D:2)
  A shadow imp (D:5)
  An ooze (D:3)
  An adder skeleton (D:4)
  A worm (D:2)
  2 giant geckos
  17 orcs
  4 giant cockroaches
  7 hobgoblins
  A quokka (D:5)
  A ball python (D:3)
  8 bats
  2 giant gecko skeletons (D:4)
  4 giant newts
  7 goblins
  2 jackal skeletons
  3 kobolds
  2 quokka skeletons
  11 rats
  4 fungi (D:2)
121 creatures vanquished.

Vanquished Creatures (others)
  A plant (D:5)
1 creature vanquished.

Grand Total: 122 creatures vanquished

Notes
Turn   | Place    | Note
--------------------------------------------------------------
     0 | D:1      | Ivanskos the Deep Dwarf Fighter began the quest for the Orb.
     0 | D:1      | Reached XP level 1. HP: 20/20 MP: 1/1
   271 | D:1      | Reached XP level 2. HP: 25/27 MP: 2/2
   560 | D:2      | Noticed Natasha
   561 | D:2      | Reached skill level 1 in Dodging
   564 | D:2      | Reached XP level 3. HP: 30/34 MP: 3/3
   576 | D:2      | Killed Natasha
   695 | D:2      | Reached XP level 4. HP: 30/42 MP: 4/4
   829 | D:2      | Noticed Natasha
   833 | D:2      | Killed Natasha
   842 | D:2      | Noticed Natasha
   846 | D:2      | Killed Natasha
   944 | D:2      | Noticed Robin
   949 | D:2      | Killed Robin
  1061 | D:2      | Found a snail-covered altar of Cheibriados.
  1078 | D:2      | Noticed Terence
  1091 | D:2      | Killed Terence
  1591 | D:2      | Noticed Crazy Yiuf
  1600 | D:2      | Killed Crazy Yiuf
  1600 | D:2      | Reached XP level 5. HP: 21/50 MP: 5/5
  1884 | D:3      | Reached skill level 4 in Fighting
  2013 | D:3      | Found an iron altar of Okawaru.
  2024 | D:3      | Found a blossoming altar of Fedhas.
  2181 | D:4      | Reached XP level 6. HP: 50/58 MP: 6/6
  2301 | D:4      | Noticed Menkaure
  2316 | D:4      | Killed Menkaure
  2343 | D:4      | Noticed Blork the orc
  2350 | D:4      | Killed Blork the orc
  2610 | D:4      | Found a staircase to the Ecumenical Temple.
  2616 | Temple   | Entered the Ecumenical Temple
  2686 | Temple   | Became a worshipper of Makhleb the Destroyer
  2941 | D:4      | Noticed Edmund
  2949 | D:4      | Killed Edmund
  2949 | D:4      | Reached skill level 5 in Fighting
  2949 | D:4      | Reached XP level 7. HP: 41/67 MP: 7/7
  3162 | D:5      | Entered Level 5 of the Dungeon
  3162 | D:5      | Found Soxkyn's Assorted Antiques.
  3191 | D:5      | Found an opulent altar of Gozag.
  3278 | D:5      | Found Raoph's Weapon Shop.
  3304 | D:5      | Found a radiant altar of Vehumet.
  3369 | D:5      | Reached skill level 5 in Shields
  3498 | D:5      | Reached * piety under Makhleb
  3498 | D:5      | Reached skill level 5 in Armour
  3498 | D:5      | Reached XP level 8. HP: 51/76 MP: 8/8
  3509 | D:5      | Found an ancient bone altar of Kikubaaqudgha.
  3538 | D:5      | Found Hetsomede's Jewellery Boutique.
  3768 | D:6      | Noticed Pikel
  3837 | D:5      | Killed Pikel
  3837 | D:5      | Reached skill level 6 in Fighting
  3837 | D:5      | Reached skill level 5 in Axes
  3850 | D:6      | Got a slimy long sword
  3943 | D:6      | Identified the +3 long sword of the Hidden Ghosts {slice, rF+ rN+ Stlth+} (You found it on level 6 of the Dungeon)
  3988 | D:6      | Found a white marble altar of Elyvilon.
  4034 | D:6      | Reached skill level 7 in Fighting
  4034 | D:6      | Reached skill level 5 in Dodging
  4175 | D:6      | Gained mutation: You passively map the area around you. [Deep Dwarf growth]
  4175 | D:6      | Reached XP level 9. HP: 34/86 MP: 9/9
  4185 | D:6      | Slain by an orc warrior

Action                   |  1- 3 |  4- 6 |  7- 9 || total
-------------------------+-------+-------+-------++-------
Melee: War axe           |    71 |   107 |       ||   178
       Broad axe         |       |    96 |   166 ||   262
Evoke: Wand              |       |     3 |     8 ||    11
  Use: Potion            |       |     3 |       ||     3
       Scroll            |       |     9 |     2 ||    11
  Eat: Meat ration       |       |     2 |       ||     2
       Bread ration      |       |       |     1 ||     1
